 Dungeon Crawl Stone Soup version 0.25.1-2-g60ff931df9 (webtiles) character file.

Game seed: 17743559235469019447

39 protoss039 the Digger (level 3, 0/19 HPs)
             Began as a Deep Elf Earth Elementalist on Aug 10, 2020.
             Slain by a bat (1 damage)
             ... on level 2 of the Dungeon.
             The game lasted 00:01:45 (1733 turns).

protoss039 the Digger (Deep Elf Earth Elementalist) Turns: 1733, Time: 00:01:45

Health: 0/19       AC:  2    Str:  5    XL:     3   Next: 26%
Magic:  9/10       EV: 13    Int: 20    God:
Gold:   52         SH:  0    Dex: 15    Spells: 3/9 levels left

rFire    . . .     SeeInvis +   g - +0 dagger
rCold    . . .     Gourm    .   (no shield)
rNeg     . . .     Faith    .   c - +0 robe
rPois    .         Spirit   .   (no helmet)
rElec    .         Reflect  .   (no cloak)
rCorr    .         Harm     .   (no gloves)
MR       .....                  (no boots)
Stlth    ++........             (no amulet)
HPRegen  0.06/turn              (no ring)
MPRegen  0.12/turn              (no ring)

@: hasted, very quick
A: see invisible, deterioration 1
a: no special abilities


You were on level 2 of the Dungeon.
You were not hungry.

You visited 1 branch of the dungeon, and saw 2 of its levels.

You collected 52 gold pieces.

Inventory:

Hand Weapons
 g - a +0 dagger (weapon)
Missiles
 b - 101 stones (quivered)
Armour
 c - a +0 robe (worn)
Jewellery
 i - a +6 ring of intelligence {unknown}
Scrolls
 a - a scroll of amnesia {unknown}
 e - 2 scrolls of remove curse {unknown}
 h - 3 scrolls of identify {unknown}
Potions
 k - a potion of haste
Comestibles
 d - 4 rations


   Skills:
 - Level 3.0 Dodging
 - Level 3.0 Stealth
 + Level 3.6 Spellcasting
 + Level 1.1 Transmutations
 + Level 3.9 Earth Magic


You had 3 spell levels left.
You knew the following spells:

 Your Spells              Type           Power        Failure   Level  Hunger
a - Sandblast             Erth           ###...       2%          1    None
b - Passwall              Tmut/Erth      ##......     7%          2    ##.....
c - Stone Arrow           Conj/Erth      ##....       19%         3    ###....

Your spell library contained the following spells:

 Spells                   Type           Power        Failure   Level  Hunger
 Petrify                  Tmut/Erth      ##......     43%         4    ####...
 Lee's Rapid Deconstruct  Erth           ###.......   58%         5    ######.


Dungeon Overview and Level Annotations

Branches:
Dungeon (2/15)

Altars:
Qazlal
Zin


Innate Abilities, Weirdness & Mutations

You have supernaturally acute eyesight. (SInv)
Your body sometimes deteriorates upon taking damage.


Message History

You feel sick.
* * * LOW HITPOINT WARNING * * *
You feel sick.
Found a stone staircase leading down.
* * * LOW HITPOINT WARNING * * *
You feel sick.
There is a stone staircase leading down here.
* * * LOW HITPOINT WARNING * * *
You feel sick.
All of the chunks of flesh in your inventory have rotted away.
A bat comes into view.
Found a scroll labeled TOXTIC LACRI.
Found 17 gold pieces.
Unknown command.
* * * LOW HITPOINT WARNING * * *
You feel sick.
You are no longer poisoned.
Unknown command.
The bat hits you.
You die...

# #.......#
####.....##
........## #+#
######.## #$#
#.# #.# #.#
##.## #.#
##?..## ### #.#
#..b..#.....
#.######.#.@...#
#.>........###.#
############


You could see a bat.

Vanquished Creatures
  A gnoll (D:2)
  An adder (D:2)
  A dart slug (D:1)
  A leopard gecko (D:2)
  A bat (D:2)
  A giant cockroach (D:1)
  2 goblins (D:1)
  3 hobgoblins
  4 frilled lizards
  2 kobolds (D:2)
  2 rats
19 creatures vanquished.

Notes
Turn   | Place    | Note
-------+----------+-------------------------------------------
     0 | D:1      | protoss039 the Deep Elf Earth Elementalist began the quest
                  | for the Orb.
     0 | D:1      | Reached XP level 1. HP: 10/10 MP: 6/6
   546 | D:1      | Reached XP level 2. HP: 9/15 MP: 8/8
   865 | D:2      | Found a glowing silver altar of Zin.
  1442 | D:2      | Found a stormy altar of Qazlal.
  1630 | D:2      | Reached XP level 3. HP: 9/19 MP: 7/9
  1691 | D:2      | Learned a level 2 spell: Passwall
  1695 | D:2      | Learned a level 3 spell: Stone Arrow
  1701 | D:2      | Gained mutation: Your body sometimes deteriorates upon
                  | taking damage. [potion of mutation]
  1701 | D:2      | Gained mutation: You have supernaturally acute eyesight.
                  | (SInv) [potion of mutation]
  1733 | D:2      | Slain by a bat

Illustrated notes

Levels and vault maps discovered:
D:1:      evilmike_arrival_crescent, layout_rooms
D:2:      layout_loops_corners, nicolae_overflow_crystal_walls,
          lemuel_crystal_altar, chequers_serial_rivers_micro_d,
          minmay_octomino_j4, uniq_natasha

Skill      XL: |  1  2  3 |
---------------+----------+-----
Stealth        | 3 |  3.0
Dodging        | 3 |  3.0
Spellcasting   | |  3.6
Transmutations | |  1.1
Earth Magic    | |  3.9

Action                   || total
-------------------------++-------
Melee: Unarmed           ||    14
       Dagger            ||    48
 Cast: Sandblast         ||    18
  Use: Potion            ||     2
 Stab: Sleeping          ||     4
  Eat: Chunk             ||     2
Armor: Robe              ||     8
Dodge: Dodged            ||    46
